 Dungeon Crawl Stone Soup version 0.28-a0-258-g8de209e91f (webtiles) character file.

Game seed: 1866038768377101735

32 SkeletonJelly the Chopper (level 3, -15/31 HPs)
             Began as a Minotaur Fighter on Aug 27, 2021.
             Demolished by an ogre (17 damage)
             ... on level 2 of the Dungeon.
             The game lasted 00:02:16 (726 turns).

SkeletonJelly the Chopper (Minotaur Fighter)         Turns: 726, Time: 00:02:17

Health: -15/31     AC:  6    Str: 21    XL:     3   Next: 8%
Magic:  2/2        EV:  7    Int:  5    God:
Gold:   63         SH:  8    Dex:  9    Spells: 2/2 levels left

rFire   . . .      SeeInvis .   a - +0 war axe
rCold   . . .      Faith    .   c - +0 kite shield
rNeg    . . .      Spirit   .   b - +0 scale mail
rPois   .          Reflect  .   (helmet restricted)
rElec   .          Harm     .   (no cloak)
rCorr   .          Rampage  .   (no gloves)
Will    .....                   (no boots)
Stlth   ..........              (no amulet)
HPRegen 0.10/turn               (no ring)
MPRegen 0.08/turn               (no ring)

@: mighty
A: horns 2, retaliatory headbutt
a: no special abilities


You were on level 2 of the Dungeon.
You visited 1 branch of the dungeon, and saw 2 of its levels.

You collected 63 gold pieces.

Inventory:

Hand Weapons
 a - a +0 war axe (weapon)
Armour
 b - a +0 scale mail (worn)
 c - a +0 kite shield (worn)
Scrolls
 e - a scroll of immolation
 g - 3 scrolls of identify {unknown}
 i - a scroll of amnesia {unknown}
Potions
 f - a potion of invisibility {unknown}
 h - a potion of attraction {unknown}


   Skills:
 - Level 3.6 Fighting
 + Level 4.4 Axes
 - Level 3.6 Armour
 - Level 3.6 Shields


You had 2 spell levels left.
You didn't know any spells.
Your spell library was empty.

Dungeon Overview and Level Annotations

Branches:
Dungeon (2/15)

Altars:

Shops:
D:1 !


Innate Abilities, Weirdness & Mutations

You have a pair of horns on your head.
You reflexively headbutt those who attack you in melee.


Message History

No target in view!
No target in view!
No target in view!
No target in view!
No target in view!
You open the door.
Key pressed, stopping explore.
Key pressed, stopping explore.
Key pressed, stopping explore.
Key pressed, stopping explore.
Done exploring.
Done exploring.
Done exploring.
Done exploring.
Search for what [? for help]? .
Unknown command.
You see here a +0 spear.
There is a stone staircase leading down here.
You climb downwards.
Found 12 stones.
Found a stone staircase leading up.
There is a stone staircase leading up here.
There are monsters nearby!
There are monsters nearby!
There are monsters nearby!
You block the bat's attack. The bat hits you but does no damage.
You slash the bat!
You kill the bat!
Your shield prevents you from hitting the bat.
You headbutt the bat.
The bat is severely wounded.
The bat hits you but does no damage. You block the bat's attack.
The bat hits you but does no damage.
You slash the bat!
You kill the bat!
No target in view!
No target in view!
No target in view!
No target in view!
No target in view!
No target in view!
A quokka comes into view.
Found 4 gold pieces.
A quokka is nearby!
A quokka is nearby!
A quokka is nearby!
Found a stone staircase leading up.
An ogre comes into view. It is wielding a +0 giant club.
Found a fuming sapphire potion.
The ogre shouts!
You slash the quokka!
You kill the quokka!
A goblin comes into view. It is wielding a +0 club.
You have reached level 3!
Your experience leads to an increase in your attributes!
Increase (S)trength, (I)ntelligence, or (D)exterity?
You feel stronger.
Health restored: 31; MP restored: 2 The goblin shouts!
There is a stone staircase leading up here.
You climb upwards.
There is a stone staircase leading down here.
Done exploring.
Done exploring.
Done exploring.
Done exploring.
Done exploring.
Done exploring.
You see here a +0 mace.
There is an escape hatch in the floor here.
There is a stone staircase leading down here.
You climb downwards.
The goblin shouts!
There is a stone staircase leading up here.
A goblin is nearby!
A goblin is nearby!
A goblin is nearby!
A goblin is nearby!
You slash the goblin!
You kill the goblin!
Found an escape hatch in the floor.
The goblin hits you but does no damage.
You closely miss the goblin. You headbutt the goblin.
You kill the goblin!
You slash the ogre!
The ogre is moderately wounded.
The ogre barely misses you.
You hit the ogre.
The ogre is heavily wounded.
The ogre hits you with a +0 giant club!!
Ouch! That really hurt!
* * * LOW HITPOINT WARNING * * *
You take 29 damage, and have 2/31 hp.
MASSIVE DAMAGE!!
There is a stone staircase leading up here.
You block the ogre's attack.
You feel very mighty all of a sudden.
You slash the ogre!
The ogre is almost dead.
The ogre hits you with a +0 giant club!
Ouch! That really hurt!
You die...

......#.#<..#.####.#
.....(..)...#<...#
####.#.##†.#.##$#
#..)...#...#.# #
#.##<..#...#.# #.
#.#.#...... #.
#.#.#.###.#
#.##.#.#. #.#
#.@O.#.# #.#
######.> ##


You could see an ogre.

Vanquished Creatures
  A dart slug (D:1)
  3 ball pythons (D:1)
  An endoplasm (D:1)
  A giant cockroach (D:1)
  3 goblins
  4 hobgoblins (D:1)
  3 jackals (D:1)
  A quokka (D:2)
  4 bats
  3 kobolds (D:1)
  2 rats (D:1)
26 creatures vanquished.

Notes
Turn   | Place    | Note
-------+----------+-------------------------------------------
     0 | D:1      | SkeletonJelly the Minotaur Fighter began the quest for the
                  | Orb.
     0 | D:1      | Reached XP level 1. HP: 19/19 MP: 0/0
    36 | D:1      | Found a faded altar of an unknown god.
   120 | D:1      | Reached skill level 3 in Axes
   177 | D:1      | Reached XP level 2. HP: 26/26 MP: 1/1
   388 | D:1      | Found Riraumae's Distillery.
   442 | D:1      | Reached skill level 4 in Axes
   680 | D:2      | Noticed an ogre
   682 | D:2      | Reached XP level 3. HP: 31/31 MP: 2/2
   726 | D:2      | Demolished by an ogre

Illustrated notes

Levels and vault maps discovered:
D:1:      dpeg_arrival_pits, layout_basic, serial_shops, shop,
          hellmonk_ecumenical_altar_blasted
D:2:      layout_basic, basic_altar

Skill      XL: |  1  2 |
---------------+-------+-----
Axes           | 3 4 |  4.4
Fighting       | |  3.6
Armour         | |  3.6
Shields        | |  3.6

Action                   || total
-------------------------++-------
Melee: War axe           ||    55
       Headbutt          ||     6
  Use: Potion            ||     1
Armor: Scale mail        ||    30
Dodge: Dodged            ||    17
Block: Kite shield       ||    27

Table legend: (Time is in decaauts)
 A = Elapsed time spent in this place.
 B = Non-inter-level travel time spent in this place.
 C = Inter-level travel time spent in this place.
 D = Time resting spent in this place.
 E = Time spent auto-exploring this place.
 F = Levels seen in this place.
 G = Mean time per level.
                   A        B        C        D        E       F      G
               +--------+--------+--------+--------+--------+-----+--------+
         Total |    756 |    704 |     52 |      0 |    512 |   2 |  378.0 |
       Dungeon |    756 |    704 |     52 |      0 |    512 |   2 |  378.0 |
               +--------+--------+--------+--------+--------+-----+--------+

Top non-repeatable levels by time:
     D:1: 721 daAuts
     D:2: 34 daAuts
